 Dungeon Crawl Stone Soup version 0.22.1-6-g1668fe2 (webtiles) character file.

89 Goblin1989 the Cudgeler (level 4, -5/33 HPs)
             Began as a Demonspawn Warper on Jan 21, 2019.
             Slain by a crocodile (13 damage)
             ... on level 2 of the Dungeon.
             The game lasted 00:05:20 (2293 turns).

Goblin1989 the Cudgeler (Demonspawn Warper)         Turns: 2293, Time: 00:05:20

Health: -5/33      AC:  7    Str: 12    XL:     4   Next: 31%
Magic:  7/7        EV: 10    Int: 15    God:
Gold:   103        SH:  0    Dex: 12    Spells: 7/7 levels left

rFire    . . .     SeeInvis .   C - +0 whip
rCold    + . .     Gourm    .   (no shield)
rNeg     . . .     Faith    .   K - +0 ring mail
rPois    .         Spirit   .   (no helmet)
rElec    .         Reflect  .   (no cloak)
rCorr    .         Harm     .   (no gloves)
MR       .....                  (no boots)
Stlth    ..........             (no amulet)
HPRegen  0.11/turn              c - ring of protection from cold
MPRegen  0.10/turn              (no ring)

@: confused, very slightly contaminated, hasted, invisible (expiring), very
quick
A: hooves 1, yellow scales 1, rot immunity
a: no special abilities


You were on level 2 of the Dungeon.
You were hungry.

You visited 1 branch of the dungeon, and saw 3 of its levels.

You collected 103 gold pieces.

Inventory:

Hand Weapons
 a - a +0 mace
 C - a +0 whip (weapon)
Missiles
 f - 2 tomahawks of dispersal (quivered)
Armour
 K - a +0 ring mail (worn)
Jewellery
 c - a ring of protection from cold (left hand)
Scrolls
 B - a scroll of blinking
 D - 2 scrolls of enchant armour {unknown}
 F - a scroll of teleportation {unknown}
 H - a scroll of magic mapping {unknown}
 J - 2 scrolls of remove curse {unknown}
 L - 4 scrolls of noise {unknown}
Comestibles
 e - 4 rations
 P - 5 chunks of flesh


   Skills:
 - Level 2.0 Fighting
 + Level 4.2 Maces & Flails
 - Level 0.8 Throwing
 - Level 0.8 Armour
 - Level 1.7 Dodging
 - Level 2.0 Spellcasting
   Level 2.6 Translocations


You had 7 spell levels left.
You didn't know any spells.
Your spell library contained the following spells:

 Spells                   Type           Power        Failure   Level  Hunger
 Blink                    Tloc           N/A          26%         2    ###....
 Shroud of Golubria       Chrm/Tloc      #.........   41%         2    ###....
 Gell's Gravitas          Tloc           #.........   45%         3    ###....
 Lesser Beckoning         Tloc           #.........   45%         3    ###....
 Teleport Other           Tloc           #.......     45%         3    ###....
 Passage of Golubria      Tloc           N/A          86%         4    #####..


Dungeon Overview and Level Annotations

Branches:
Dungeon (3/15)

Altars:


Innate Abilities, Weirdness & Mutations

You have large cloven feet.
You are partially covered in yellow scales. (AC +2)
You are immune to rotting.


Message History

No target in view!
No target in view!
No target in view!
No target in view!
No target in view!
No target in view!
No target in view!
No target in view!
No target in view!
No target in view!
No target in view!
No target in view!
Saving game... please wait.
Welcome back, Goblin1989 the Demonspawn Warper.
Press ? for a list of commands and other information.
You climb downwards.
The crocodile bites you but does no damage.
There is a stone staircase leading up here.
The crocodile bites you!
You climb upwards.
There is a stone staircase leading down here.
You take 8 damage, and have 23/33 hp.
MASSIVE DAMAGE!!
It was a potion of haste.
You feel yourself speed up. The crocodile closely misses you.
It was a potion of invisibility.
You fade into invisibility!
You are very lightly contaminated with residual magic.
You hit the crocodile but do no damage.
Unknown command.
You hit the crocodile.
You kick the crocodile, but do no damage.
The crocodile is lightly wounded.
The crocodile closely misses you.
You completely miss the crocodile.
The crocodile is lightly wounded.
The crocodile bites you but does no damage.
You hit the crocodile. Your kick misses the crocodile.
The crocodile is lightly wounded.
You hit the crocodile but do no damage.
The crocodile is lightly wounded.
The crocodile barely misses you.
You hit the crocodile but do no damage.
The crocodile is lightly wounded.
The crocodile barely misses you.
You closely miss the crocodile.
The crocodile is lightly wounded.
You hit the crocodile.
You kick the crocodile, but do no damage.
The crocodile is moderately wounded.
The crocodile bites you but does no damage.
You hit the crocodile but do no damage.
The crocodile is moderately wounded.
You hit the crocodile.
The crocodile is heavily wounded.
You are feeling hungry.
The crocodile bites you!
You take 9 damage, and have 15/33 hp.
MASSIVE DAMAGE!!
You barely miss the crocodile.
The crocodile is heavily wounded.
The crocodile bites you but does no damage.
You closely miss the crocodile.
The crocodile is heavily wounded.
Your ring mail prevents you from hitting the crocodile.
You kick the crocodile.
The crocodile is heavily wounded.
The crocodile bites you!
* * * LOW HITPOINT WARNING * * *
You take 10 damage, and have 5/33 hp.
MASSIVE DAMAGE!!
You hit the crocodile.
The crocodile is heavily wounded.
You barely miss the crocodile.
The crocodile is heavily wounded.
The crocodile closely misses you.
You barely miss the crocodile.
The crocodile is heavily wounded.
The crocodile barely misses you.
You hit the crocodile but do no damage.
You kick the crocodile, but do no damage.
The crocodile is heavily wounded.
You hit the crocodile but do no damage. You kick the crocodile.
The crocodile is heavily wounded.
The crocodile barely misses you.
You hit the crocodile but do no damage.
The crocodile is heavily wounded.
The crocodile closely misses you.
You flicker for a moment.
It was a potion of ambrosia.
You are confused.
You feel invigorated.
You regained 3 hp, and now have 9/33 hp.
You hit the crocodile.
The crocodile is severely wounded.
You regained 2 hp, and now have 11/33 hp.
You barely miss the crocodile.
The crocodile is severely wounded.
The crocodile bites you!
* * * LOW HITPOINT WARNING * * *
You take 6 damage, and have 5/33 hp.
You bump into the rock wall.
The crocodile bites you!
You die... .███ █.█ █.█ █.. .█ █.█ █.█████ █.. .█ █.█ █.....█ ███ .█ █.█ █████.█ .██ █.█ █.█ ..█ █.█ █.█ ..██████.█ █.█ ███ .........█ █████████

█.█ █..
.████████████...@t..█ █.█
█.█ .█ █.......█████.█ █.█
█.█ .█ █.███████ █>█ █.█
█.█ .█ █.█ ██.█ █.█ █.█
.██████.███████ ██..█ █.█
█.█
..██..........███...█████.█
█.█
.........██.......█.......█
█.█
.^██........█.███...███████
█.█ )....█...████.█ ██.██
█.█


You could see a crocodile.

Vanquished Creatures
  Jessica (D:2)
  2 adders
  A leopard gecko (D:2)
  2 orcs (D:3)
  2 ball pythons
  4 bats
  3 giant cockroaches
  4 goblins
  7 hobgoblins
  2 jackals (D:2)
  2 quokkas
  6 kobolds
  4 rats
40 creatures vanquished.

Notes
Turn   | Place    | Note
-------+----------+-------------------------------------------
     0 | D:1      | Goblin1989 the Demonspawn Warper began the quest for the
                  | Orb.
     0 | D:1      | Reached XP level 1. HP: 16/16 MP: 3/3
    49 | D:1      | Reached skill level 2 in Maces & Flails
   290 | D:1      | Gained mutation: You are partially covered in yellow
                  | scales. (AC +2) [demonic ancestry]
   290 | D:1      | Reached XP level 2. HP: 14/22 MP: 5/5
  1053 | D:2      | Reached skill level 3 in Maces & Flails
  1068 | D:2      | Noticed Jessica
  1127 | D:2      | Killed Jessica
  1127 | D:2      | Gained mutation: You are immune to rotting. [demonic
                  | ancestry]
  1127 | D:2      | Reached XP level 3. HP: 12/27 MP: 6/6
  1942 | D:3      | Reached skill level 4 in Maces & Flails
  1942 | D:3      | Gained mutation: You have large cloven feet. [demonic
                  | ancestry]
  1942 | D:3      | Reached XP level 4. HP: 15/33 MP: 7/7
  2237 | D:3      | Noticed a crocodile
  2293 | D:2      | Slain by a crocodile

Skill      XL: |  1  2  3 |
---------------+----------+-----
Maces & Flails | 2 3 4 |  4.2
Fighting       | |  2.0
Throwing       | |  0.8
Armour         | |  0.8
Dodging        | |  1.7
Spellcasting   | |  2.0
Translocations | |  2.6

Action                   |  1- 3 |  4- 6 || total
-------------------------+-------+-------++-------
Melee: Whip              |   159 |    39 ||   198
       Mace              |    13 |       ||    13
       Kick              |       |    10 ||    10
Throw: Tomahawk          |     3 |       ||     3
  Use: Potion            |       |     3 ||     3
  Eat: Chunk             |     3 |     1 ||     4
Armor: Leather armour    |    20 |       ||    20
       Ring mail         |    45 |    17 ||    62
Dodge: Dodged            |   103 |    12 ||   115

Vault maps used:
D:1:      minmay_arrival_plants_in_alcoves
D:2:      solitary_fountain, uniq_jessica
D:3:      tgw_trog
